 Dungeon Crawl Stone Soup version 0.23.0-42-geed6394480 (webtiles) character file.

Game seed: 116229279252718806

301 Fliddo the Bolt Thrower (level 6, -10/36 HPs)
             Began as a Kobold Hunter on Feb 28, 2019.
             Was an Initiate of Dithmenos.
             Mangled by Menkaure (11 damage)
             ... on level 4 of the Dungeon.
             The game lasted 00:29:22 (4023 turns).

Fliddo the Bolt Thrower (Kobold Hunter)             Turns: 4023, Time: 00:29:23

Health: -10/36     AC: 12    Str: 10    XL:     6   Next: 64%
Magic:  6/6        EV: 17    Int: 13    God:    Dithmenos [......]
Gold:   209        SH:  0    Dex: 21    Spells: 5/5 levels left

rFire    . . .     SeeInvis .   b - +0 short sword
rCold    . . .     Gourm    .   (shield restricted)
rNeg     . . .     Faith    .   l - +0 robe {MR+}
rPois    .         Spirit   .   q - +1 helmet
rElec    .         Reflect  .   j - +2 cloak
rCorr    .         Harm     .   g - +0 pair of gloves
MR       +....                  m - +2 pair of boots
Stlth    +++.......             (no amulet)
HPRegen  0.12/turn              p - +1 ring of protection
MPRegen  0.10/turn              D - +5 ring of dexterity

@: no status effects
A: small, carnivore
a: Renounce Religion


You were on level 4 of the Dungeon.
You worshipped Dithmenos.
Dithmenos was noncommittal.
You were completely stuffed.

You visited 1 branch of the dungeon, and saw 4 of its levels.

You collected 209 gold pieces.

Inventory:

Hand Weapons
 a - a +1 hand crossbow
 b - a +0 short sword (weapon)
Missiles
 d - 21 bolts
Armour
 c - a +0 leather armour
 g - a +0 pair of gloves (worn)
 j - a +2 cloak (worn)
 l - a +0 robe of magic resistance (worn)
 m - a +2 pair of boots (worn)
 q - a +1 helmet (worn)
Jewellery
 p - a +1 ring of protection (left hand)
 D - a +5 ring of dexterity (right hand)
Potions
 k - a potion of curing
 r - a potion of agility {unknown}
 u - a potion of lignification {unknown}
Comestibles
 f - 5 rations
 i - a chunk of flesh


   Skills:
 + Level 2.7 Fighting
 - Level 4.0 Short Blades
 - Level 6.0 Crossbows
 - Level 4.0 Dodging
 + Level 4.5 Stealth


You had 5 spell levels left.
You didn't know any spells.
Your spell library contained the following spells:

 Spells                   Type           Power        Failure   Level  Hunger
 Summon Small Mammal      Summ           #...         30%         1    ##.....
 Call Imp                 Summ           #.......     43%         2    ###....
 Call Canine Familiar     Summ           #.......     67%         3    ####...
 Summon Guardian Golem    Hex/Summ       #.......     67%         3    ####...
 Summon Ice Beast         Ice/Summ       #.......     97%         4    #####..
 Summon Lightning Spire   Summ/Air       #.......     97%         4    #####..


Dungeon Overview and Level Annotations

Branches:
Dungeon (4/15)
 Temple: D:4-7

Altars:
Ashenzari
Dithmenos
Kikubaaqudgha
Ru
Sif Muna

Annotations:
D:4 1 runed translucent door, Crazy Yiuf, Menkaure, Pikel


Innate Abilities, Weirdness & Mutations

You are small and have problems with some larger weapons.
You are carnivorous and can eat meat at any time.


Message History

You barely miss Menkaure.
Menkaure is heavily damaged.
Menkaure closely misses you.
You hit Menkaure.
Menkaure is heavily damaged.
Menkaure calls on the powers of darkness!
Your body is wracked with pain!
You are too injured to fight recklessly!
You are too injured to fight recklessly!
You are too injured to fight recklessly!
You are too injured to fight recklessly!
You are too injured to fight recklessly!
Okay, then.
Menkaure barely misses you.
You hit Menkaure but do no damage.
Menkaure is heavily damaged.
Menkaure hits you!
* * * LOW HITPOINT WARNING * * *
You feel magically purged. Menkaure hits you!
You die...

.# .# .# .# .# .
####### .# ...
#....@####.#.....
#.###.M.(...(#
#.# ######.###
#.# .# #.# .# #.#
.# ###.# .# #...#
.# #.### .#


You could see Menkaure.

Vanquished Creatures
  A slave (D:4)
  2 orc priests (D:4)
  An orc wizard (D:4)
  Jessica (D:2)
  Robin (D:2)
  2 gnolls
  4 adders
  6 worms
  4 dart slugs
  4 leopard geckos
  11 orcs
  6 bats
  4 giant cockroaches
  17 goblins
  8 hobgoblins
  2 jackals (D:3)
  A quokka (D:3)
  A ball python (D:1)
  3 frilled lizards
  5 kobolds
  5 rats
89 creatures vanquished.

Notes
Turn   | Place    | Note
-------+----------+-------------------------------------------
     0 | D:1      | Fliddo the Kobold Hunter began the quest for the Orb.
     0 | D:1      | Reached XP level 1. HP: 12/12 MP: 1/1
    60 | D:1      | Reached skill level 5 in Crossbows
   121 | D:1      | Reached XP level 2. HP: 17/17 MP: 2/2
   539 | D:1      | Reached XP level 3. HP: 14/21 MP: 3/3
   822 | D:2      | Noticed Jessica
  1424 | D:2      | Reached skill level 6 in Crossbows
  1424 | D:2      | Reached XP level 4. HP: 26/26 MP: 4/4
  1450 | D:2      | Killed Jessica
  1450 | D:2      | Reached skill level 1 in Short Blades
  1457 | D:2      | Noticed Robin
  1714 | D:2      | Reached XP level 5. HP: 15/30 MP: 5/5
  2184 | D:2      | Killed Robin
  2487 | D:2      | Found an ancient bone altar of Kikubaaqudgha.
  2488 | D:2      | Found a shattered altar of Ashenzari.
  2896 | D:3      | Reached XP level 6. HP: 33/35 MP: 6/6
  2909 | D:3      | Found a shadowy altar of Dithmenos.
  2931 | D:3      | Became a worshipper of Dithmenos the Shadowed
  3377 | D:4      | Noticed Pikel
  3377 | D:4      | Noticed a slave
  3377 | D:4      | Noticed a slave
  3422 | D:4      | Killed a slave
  3684 | D:4      | Noticed a slave
  3872 | D:4      | Found a runed translucent door.
  3873 | D:4      | Noticed Crazy Yiuf
  3904 | D:4      | Found a shadowy altar of Dithmenos.
  3904 | D:4      | Found a deep blue altar of Sif Muna.
  3905 | D:4      | Found a sacrificial altar of Ru.
  4005 | D:4      | Noticed Menkaure
  4022 | D:4      | HP: 1/36 [Menkaure (15)]
  4023 | D:4      | Mangled by Menkaure

Skill      XL: |  1  2  3  4  5  6 |
---------------+-------------------+-----
Crossbows      | 5 6 |  6.0
Stealth        | 2 3 4 |  4.5
Short Blades   | 1 3 4 |  4.0
Dodging        | 3 4 |  4.0
Fighting       | |  2.7

Action                   |  1- 3 |  4- 6 || total
-------------------------+-------+-------++-------
Melee: Short sword       |    25 |   210 ||   235
 Fire: Hand crossbow     |    57 |    90 ||   147
  Use: Potion            |       |     5 ||     5
       Scroll            |       |     3 ||     3
 Stab: Sleeping          |       |     2 ||     2
  Eat: Chunk             |    10 |     8 ||    18
Armor: Leather armour    |     8 |    24 ||    32
       Robe              |       |    20 ||    20
Dodge: Dodged            |    21 |   187 ||   208
